Description

SC2 - ZvT GUIDE - Defending Factory/ Banshee Openings - The birdy Weekly #4. Problems with Factory Openings? In this video I show you how to Defend the Terran Stuff.

My twitch: https://www.twitch.tv/birdysc2

VOD

https://www.youtube.com/watch?v=KP8eKxQ6xR4&feature=youtu.be

Replay - ZvT - Holding agressive Terran into crushing him xD

Build Order

Get SALT Encoding   

  12  0:01  Drone  
  13  0:13  Overlord  
  13  0:20  Drone  
  14  0:31  Drone x3  
  17  0:53  Hatchery  
  17  0:56  Drone x2  
  18  1:09  Extractor  
  17  1:14  Spawning Pool  
  17  1:17  Drone x2  
  18  1:28  Drone  
  19  1:40  Overlord  
  19  2:01  Queen x2  
  19  2:03  Zergling x4  
  28  2:25  Metabolic Boost  
  32  2:49  Pneumatized Carapace  
  32  2:50  Queen  
  36  2:59  Overlord x2  
  46  3:39  Overlord  
  46  3:50  Hatchery  
  46  3:53  Extractor  
  46  3:55  Baneling Nest  
  44  4:01  Queen  
  50  4:14  Lair  
  50  4:22  Zergling x8  
  55  4:37  Extractor, Queen  
  60  4:44  Spore Crawler x2  
  57  4:48  Zergling x8  
  57  4:50  Baneling x5  
  62  5:02  Queen  
  64  5:11  Spore Crawler  
  70  5:20  Overseer  
  70  5:24  Queen x2  
  74  5:41  Queen  
  89  6:05  Evolution Chamber x2  
  81  6:31  Zerg Melee Weapons Level 1  
  81  6:32  Zerg Ground Armor Level 1  
  90  6:33  Centrifical Hooks  
  92  6:45  Extractor x2  
  90  6:50  Hatchery  
  93  6:54  Extractor  
  92  7:05  Baneling x5  
  104  7:16  Extractor  
  106  7:23  Overseer  
  105  7:41  Hydralisk Den  
  115  7:45  Spore Crawler  
  114  7:53  Overseer  
  106  8:22  Queen  
  106  8:28  Hydralisk x6  
  106  8:31  Zerg Melee Weapons Level 2, Muscular Augments  
  118  8:34  Infestation Pit  
  116  8:54  Overseer  
  125  9:05  Hydralisk x4  
  139  9:26  Hive  
  139  9:27  Zerg Ground Armor Level 2  
  140  9:50  Hatchery  
  139  9:54  Spine Crawler x2  
Spawning Tool Build Advisor. Get it on Overwolf

Analysis

Build Order :

13 0:13 Overlord
17 0:53 Hatchery
18 1:09 Extractor
17 1:14 Spawning Pool
19 1:40 Overlord
19 2:01 Queen
19 2:03 Zergling x4
19 2:05 Queen
28 2:25 Metabolic Boost
32 2:49 Pneumatized Carapace
32 2:50 Queen
36 2:59 Overlord x2
46 3:39 Overlord x2
46 3:50 , Hatchery
46 3:53 Extractor
46 3:55 Baneling Nest
44 4:01 Queen
50 4:14 Lair
50 4:22 Zergling x8
55 4:33 Overlord
55 4:34 Overlord
55 4:37 Extractor, Queen
60 4:44 Spore Crawler
60 4:45 Spore Crawler
57 4:48 Zergling x10
57 4:50 Baneling
57 4:51 Baneling x4
62 5:02 Queen
64 5:09 Zergling x14
64 5:11 Spore Crawler
70 5:20 Overseer
70 5:24 Queen
70 5:26 Queen
74 5:41 Queen
89 6:05 Evolution Chamber x2, Overlord x5
81 6:31 Zerg Melee Weapons Level 1
81 6:32 Zerg Ground Armor Level 1
90 6:33 Centrifical Hooks
92 6:45 Extractor
92 6:46 Extractor
90 6:50 Hatchery
93 6:54 Extractor
92 7:02 Zergling x2
92 7:03 Zergling x16
92 7:05 Baneling x12
101 7:14 , Overlord
101 7:15 Overlord x2
104 7:16 Extractor
106 7:23 Overseer
105 7:40 Zergling x8
105 7:41 Hydralisk Den, Zergling x14
115 7:45 Spore Crawler
114 7:52 Overlord x3
114 7:53 Overseer
114 7:56 Zergling x8
118 8:04 Zergling x8
118 8:05 Zergling x4
123 8:09 Zergling x8
123 8:12 Zergling x2
108 8:17 Baneling x7
108 8:18 Zergling x6
106 8:22 Queen
106 8:28 Hydralisk x6
106 8:31 Zerg Melee Weapons Level 2, Muscular Augments
118 8:34 Infestation Pit
116 8:52 Zergling x20
116 8:54 Overseer
125 9:05 Hydralisk x7
139 9:26 Hive
139 9:27 Zerg Ground Armor Level 2
140 9:50 Hatchery
139 9:54 Spine Crawler
139 9:55 Spine Crawler
138 10:07 Spore Crawler, , Spine Crawler
138 10:08 , Hydralisk
138 10:09 Hydralisk x7
138 10:10 Extractor
155 10:14 Extractor
155 10:18 Baneling x16
154 10:28 Zergling x2
154 10:29 Zergling x10
161 10:44 Overlord x4
161 10:45 Overlord
153 11:08 Hydralisk
153 11:09 Hydralisk x2
165 11:23 Zerg Melee Weapons Level 3, Ultralisk Cavern
165 11:25 Adrenal Glands
164 11:28 Hatchery
161 11:45 Burrow
161 12:05 Overlord
161 12:06 Overlord x2
161 12:18 Chitinous Plating
161 12:19 Viper x3
161 12:20 Viper
173 12:25 Ultralisk x3
173 12:26 Evolution Chamber x2
173 12:27 Evolution Chamber
173 12:29 Zergling x6
188 12:30 Zergling x32
188 12:35 Zergling x2
188 12:36 Zergling x14
197 12:48 Baneling x11
197 12:49 Baneling x3
197 13:08 Hatchery
197 13:11 Baneling x10
159 13:34 Ultralisk x2, Zergling x2
159 13:35 Zergling x22
159 13:36 Zergling x2
166 13:48 Ultralisk
170 14:08 Hatchery
169 14:15 Ultralisk
173 14:34 Zergling x8

Go to:

Details

  • Created by: birdy     
  • Published on: Nov 22, 2017
  • Modified on: Dec 29, 2017
  • Patch: 4.0.0
Show
View Real Time Build Order
Export as new Build Order

Comments (0)

There are no comments. Be the first!

Create an account to comment!